 Dungeon Crawl Stone Soup version 0.31-a0-1005-gfbdfbacc72 (webtiles) character file.

Game seed: 16645955763025886566

161 GenialerGandalf the Chopper (level 5, -2/47 HPs)
             Began as a Hill Orc Fighter on Sept 27, 2023.
             Slain by a gnoll
             ... wielding a +0 halberd
              (4 damage)
             ... on level 3 of the Dungeon on Nov 11, 2023.
             The game lasted 00:08:08 (2135 turns).

GenialerGandalf the Chopper (Hill Orc Fighter)      Turns: 2135, Time: 00:08:08

Health: -2/47      AC:  8    Str: 21    XL:     5   Next: 42%
Magic:  5/5        EV:  5    Int:  8    God:
Gold:   88         SH:  0    Dex: 10    Spells: 4/4 levels left

rFire   . . .        a - +0 war axe
rCold   . . .        c - +0 buckler
rNeg    . . .        b - +1 scale mail
rPois   .            (no helmet)
rElec   .            (no cloak)
rCorr   .            (no gloves)
SInv    .            (no boots)
Will    .....        f - amulet of the acrobat Stlth
                     (no ring)
HPRegen 0.27/turn    (no ring)
MPRegen 0.09/turn

%: acrobat
@: held
A: no striking features
a: no special abilities


You were on level 3 of the Dungeon.
You visited 1 branch of the dungeon, and saw 3 of its levels.

You collected 88 gold pieces.

Inventory:

Hand Weapons
 a - a +0 war axe (weapon)
Armour
 b - a +1 scale mail (worn)
 c - a +0 buckler (worn)
 e - an orb of energy
Jewellery
 f - an amulet of the acrobat (around neck)
 n - an amulet of faith
Scrolls
 g - a scroll of identify
 i - a scroll of teleportation
 j - 3 scrolls of enchant armour
 m - a scroll of torment {unknown}
 o - a scroll of noise
 p - 2 scrolls of vulnerability {unknown}
Potions
 d - a potion of might
 h - 2 potions of enlightenment
 k - 2 potions of haste {unknown}
 l - 2 potions of heal wounds


   Skills:
 * Level 4.5 Fighting
 * Level 5.1 Axes
 * Level 4.2 Armour
 * Level 4.0 Shields


You had 4 spell levels left.
You didn't know any spells.
Your spell library was empty.

Dungeon Overview and Level Annotations

Branches:
Dungeon (3/15)

Altars:
Kikubaaqudgha

Annotations:
D:3 3 runed translucent doors, Pascal76's ghost, amateur MiFi


Message History

There are monsters nearby!
The gnoll shouts!
You hear a shout!
A frilled lizard comes into view.
The gnoll shouts!
The frilled lizard hisses angrily.
The gnoll shouts!
You hit the quokka.
You kill the quokka!
Your Axes skill increases to level 5!
The gnoll shouts!
The gnoll completely misses you.
You barely miss the gnoll. You slash the gnoll!
The gnoll is heavily wounded.
You barely miss the frilled lizard. The frilled lizard closely misses you.
You block the gnoll's attack.
The frilled lizard bites you but does no damage.
You hit the gnoll.
You kill the gnoll!
You hit the gnoll. You barely miss the frilled lizard.
The gnoll hits you from afar with a +0 halberd.
The gnoll misses you. You block the frilled lizard's attack.
The gnoll hits you from afar with a +0 halberd!
The gnoll hits you with a +0 flail.
Your Shields skill increases to level 4!
You slash the frilled lizard!
You kill the frilled lizard!
You hit the gnoll.
The gnoll throws a throwing net.
The throwing net hits you.
You become entangled in the net!
You struggle against the net.
The gnoll hits you from afar with a +0 halberd!
The gnoll barely misses you. x2
You struggle against the net.
The gnoll barely misses you. The gnoll hits you but does no damage.
The gnoll hits you from afar with a +0 halberd!
You struggle against the net.
The gnoll hits you from afar with a +0 halberd!
* * * LOW HITPOINT WARNING * * *
The gnoll hits you but does no damage.
The gnoll hits you from afar with a +0 halberd.
You die...

#.....####.######.#..
#.#..................
#.#.#..###.##........
#.#.##..# #.###....
.###.#.###.##.#
#....# .....#.###...#
#..#.# .##.......##.#
#..... .....)....#
..# #......
##...)@..# .#
...#.... #....g..# ..
........ #..gg#.## ..
##.#.# .......... ...
..... .......#.##
##.#. .##....#.# #.
.....#.# ###### .#


You could see 3 gnolls.

Vanquished Creatures
  A phantom (D:3)
  A gnoll (D:3)
  An adder (D:3)
  A worm (D:2)
  5 orcs (D:3)
  8 ball pythons
  7 bats
  5 endoplasms
  3 giant cockroaches (D:1)
  4 goblins
  5 hobgoblins
  2 jackals (D:1)
  2 quokkas
  2 frilled lizards
  4 kobolds
  5 rats
56 creatures vanquished.

Notes
Turn   | Place    | Note
-------+----------+-------------------------------------------
     0 | D:1      | GenialerGandalf the Hill Orc Fighter began the quest for
                  | the Orb.
     0 | D:1      | Reached XP level 1. HP: 19/19 MP: 1/1
    51 | D:1      | Upgraded the game from 0.31-a0-840-g6d2ecbb638 to
                  | 0.31-a0-917-ga885b83477
    58 | D:1      | Upgraded the game from 0.31-a0-917-ga885b83477 to
                  | 0.31-a0-1005-gfbdfbacc72
   226 | D:1      | Found a faded altar of an unknown god.
   247 | D:1      | Reached XP level 2. HP: 20/27 MP: 2/2
   376 | D:1      | Reached skill level 3 in Axes
   563 | D:1      | Reached XP level 3. HP: 33/33 MP: 3/3
   863 | D:2      | Found an ancient bone altar of Kikubaaqudgha.
  1074 | D:2      | Identified the +0 ring mail of Edumm {Dex+3}
  1650 | D:3      | Found a runed translucent gate.
  1650 | D:3      | Found a runed translucent gate.
  1651 | D:3      | Found a runed translucent gate.
  1651 | D:3      | Noticed Pascal76's ghost (amateur MiFi)
  1652 | D:3      | Noticed a scorpion
  1692 | D:3      | HP: 1/33 [gnoll/+0 halberd (3)]
  1768 | D:3      | Reached XP level 4. HP: 24/40 MP: 4/4
  1841 | D:3      | Reached skill level 4 in Axes
  1965 | D:3      | Noticed a phantom
  1985 | D:3      | Killed a phantom
  1986 | D:3      | Reached XP level 5. HP: 23/47 MP: 5/5
  2128 | D:3      | Reached skill level 5 in Axes
  2135 | D:3      | HP: 2/47 [gnoll/+0 halberd (13)]
  2135 | D:3      | Slain by a gnoll

Illustrated notes

Levels and vault maps discovered:
D:1:      eino_arrival_druids_welcome, layout_loops_ring,
          dreamdust_ecumenical_altar_angels_and_demons
D:2:      layout_loops_cross, basic_altar
D:3:      layout_basic, gammafunk_ghost_split, hellmonk_no_cap

Skill      XL: |  1  2  3  4  5 |
---------------+----------------+-----
Axes           | 3 4 5 |  5.1
Fighting       | 4 |  4.5
Armour         | 4 |  4.2
Shields        | 4 |  4.0

Action                     |  1- 3 |  4- 6 || total
---------------------------+-------+-------++-------
  Melee: War axe           |   168 |    31 ||   199
    Use: Scroll            |     2 |     3 ||     5
 Armour: Scale mail        |    79 |    26 ||   105
  Dodge: Dodged            |   101 |    16 ||   117
  Block: Buckler           |    43 |     6 ||    49

Table legend: (Time is in decaauts)
 A = Elapsed time spent in this place.
 B = Non-inter-level travel time spent in this place.
 C = Inter-level travel time spent in this place.
 D = Time resting spent in this place.
 E = Time spent auto-exploring this place.
 F = Levels seen in this place.
 G = Mean time per level.
                   A        B        C        D        E       F      G
               +--------+--------+--------+--------+--------+-----+--------+
         Total |   2206 |   2176 |     30 |    110 |   1351 |   3 |  735.3 |
       Dungeon |   2206 |   2176 |     30 |    110 |   1351 |   3 |  735.3 |
               +--------+--------+--------+--------+--------+-----+--------+

Top non-repeatable levels by time:
     D:1: 866 daAuts
     D:2: 841 daAuts
     D:3: 499 daAuts
